 Dungeon Crawl Stone Soup version 0.27-a0-1278-g6cbc8dfb29 (webtiles) character file.

Game seed: 9666032284060716609

29 polve the Skirmisher (level 3, 0/29 HPs)
             Began as a Demonspawn Abyssal Knight on June 12, 2021.
             Was a Follower of Lugonu.
             Slain by an adder (1 damage)
             ... on level 2 of the Dungeon.
             The game lasted 00:00:49 (1875 turns).

polve the Skirmisher (Demonspawn Abyssal Knight)    Turns: 1875, Time: 00:00:49

Health: 0/29       AC:  3    Str: 13    XL:     3   Next: 1%
Magic:  4/4        EV: 11    Int: 13    God:    Lugonu [*.....]
Gold:   32         SH:  0    Dex: 12    Spells: 2/2 levels left

rFire    . . .     SeeInvis .   a - +1 short sword
rCold    . . .     Faith    .   (no shield)
rNeg     . . .     Spirit   .   b - +0 leather armour
rPois    .         Reflect  .   (no helmet)
rElec    .         Harm     .   (no cloak)
rCorr    .         Rampage  .   (no gloves)
Will     .....                  (no boots)
Stlth    +.........             (no amulet)
HPRegen  0.09/turn              (no ring)
MPRegen  0.09/turn              (no ring)

@: lethally poisoned (0 -> -8)
A: hooves 1
a: Renounce Religion, Depart the Abyss


You were on level 2 of the Dungeon.
You worshipped Lugonu.
Lugonu was aware of your devotion.
You visited 1 branch of the dungeon, and saw 2 of its levels.
You visited the Abyss 1 time.

You collected 32 gold pieces.

Inventory:

Hand Weapons
 a - a +1 short sword (weapon)
Armour
 b - a +0 leather armour (worn)
 f - a +2 pair of boots
Jewellery
 e - a ring of flight
 h - a +4 ring of protection
Scrolls
 c - a scroll of fog {unknown}
 d - 4 scrolls of identify {unknown}
 g - a scroll of blinking {unknown}
 i - a scroll of enchant weapon {unknown}


   Skills:
 - Level 3.0 Fighting
 - Level 2.5 Short Blades
 - Level 1.7 Armour
 - Level 0.8 Dodging
 + Level 1.7 Unarmed Combat
 - Level 2.4 Invocations


You had 2 spell levels left.
You didn't know any spells.
Your spell library was empty.

Dungeon Overview and Level Annotations

Branches:
Dungeon (2/15)

Altars:

Shops:
D:1 !


Innate Abilities, Weirdness & Mutations

You have large cloven feet.


Message History

You are too injured to fight recklessly!
You are too injured to fight recklessly!
You are too injured to fight recklessly!
You are too injured to fight recklessly!
You are too injured to fight recklessly!
You feel sick. The rat closely misses you. The bat closely misses you.
You feel sick. The bat barely misses you.
You feel sick. The bat hits you but does no damage.
You hit the bat.
The bat is severely wounded.
You feel sick.
You are no longer poisoned.
The bat hits you but does no damage.
You hit the bat.
You kill the bat!
Lugonu accepts your kill.
You have reached level 3!
Your experience leads to an increase in your attributes!
Increase (S)trength, (I)ntelligence, or (D)exterity?
You feel stronger.
You closely miss the adder. You kick the adder, but do no damage.
The adder bites you.
You are poisoned.
The adder poisons you!
You closely miss the adder. Your kick misses the adder.
You feel sick. The adder bites you.
* * * LOW HITPOINT WARNING * * *
The adder bites you.
* * * LOW HITPOINT WARNING * * *
You are more poisoned.
The adder poisons you!
You hit the adder.
The adder is heavily wounded.
* * * LOW HITPOINT WARNING * * *
You feel sick. The adder bites you but does no damage.
You barely miss the adder. Your kick misses the adder.
The adder is heavily wounded.
* * * LOW HITPOINT WARNING * * *
You feel sick. The adder bites you.
You die...

# #.#.... #
#####.#... #
.......... .
.........# .........#
#..... ......... ....
........###### ....
.....( .......rSS@..#
... .....
.......#####.###.#
#....
.................#
#....
...........#.##..#
#....
.......#####.##..#
#.... ....... #...#.#
#...†
##############.#.##
#.... .........#..#
#....
.#########..#######).


You could see an adder, a ball python and a rat.

Vanquished Creatures
  2 endoplasms
  4 giant cockroaches (D:1)
  3 goblins
  4 hobgoblins
  2 kobolds (D:2)
  A quokka (D:2)
  2 ball pythons
  2 bats
  2 frilled lizards (D:1)
  3 rats
25 creatures vanquished.

Notes
Turn   | Place    | Note
-------+----------+-------------------------------------------
     0 | Abyss:1  | polve the Demonspawn Abyssal Knight began the quest for the
                  | Orb.
     0 | Abyss:1  | Reached XP level 1. HP: 18/18 MP: 2/2
   262 | Abyss:1  | Noticed a hellwing
   263 | D:1      | Escaped the Abyss
   700 | D:1      | Gained mutation: You have large cloven feet. [demonic
                  | ancestry]
   700 | D:1      | Reached XP level 2. HP: 19/24 MP: 3/3
  1223 | D:1      | Reached * piety under Lugonu
  1269 | D:1      | Found Nahoorph's Distillery.
  1403 | D:1      | Reached skill level 1 in Unarmed Combat
  1629 | D:2      | Found a faded altar of an unknown god.
  1872 | D:2      | Reached XP level 3. HP: 14/29 MP: 4/4
  1875 | D:2      | HP: 1/29 [poisoned by an adder]
  1875 | D:2      | Slain by an adder

Illustrated notes

Levels and vault maps discovered:
D:1:      amcnicky_arrival_double_pillar, layout_basic, serial_shops, shop
D:2:      layout_basic, hellmonk_ecumenical_altar_heavens_door

Skill      XL: |  1  2 |
---------------+-------+-----
Short Blades   | 2 |  2.5
Unarmed Combat | 1 |  1.7
Fighting       | |  3.0
Armour         | |  1.7
Dodging        | |  0.8
Invocations    | |  2.4

Action                   || total
-------------------------++-------
Melee: Short sword       ||    80
       Kick              ||     8
Invok: Depart the Abyss  ||     1
Armor: Leather armour    ||    26
Dodge: Dodged            ||    37

Table legend: (Time is in decaauts)
 A = Elapsed time spent in this place.
 B = Non-inter-level travel time spent in this place.
 C = Inter-level travel time spent in this place.
 D = Time resting spent in this place.
 E = Time spent auto-exploring this place.
 F = Levels seen in this place.
 G = Mean time per level.
                   A        B        C        D        E       F      G
               +--------+--------+--------+--------+--------+-----+--------+
         Total |   1872 |   1836 |     36 |      0 |   1657 |   3 |  624.0 |
       Dungeon |   1609 |   1573 |     36 |      0 |   1397 |   2 |  804.5 |
         Abyss |    263 |    263 |      0 |      0 |    260 |   1 |  263.0 |
               +--------+--------+--------+--------+--------+-----+--------+

Top non-repeatable levels by time:
     D:1: 1234 daAuts
     D:2: 375 daAuts
 Abyss:1: 263 daAuts
